 Dungeon Crawl Stone Soup version 0.30.1-11-g7821555f0a (webtiles) character file.

Game seed: 10471366406735732932

86 lonewolfV2 the Covered (level 4, -4/42 HPs)
             Began as a Minotaur Fighter on Nov 14, 2023.
             Slain by Pikel
             ... wielding a +2 whip of freezing
              (10 damage)
             ... on level 4 of the Dungeon.
             The game lasted 00:02:24 (2033 turns).

lonewolfV2 the Covered (Minotaur Fighter)           Turns: 2033, Time: 00:02:25

Health: -4/42      AC:  9    Str: 20    XL:     4   Next: 27%
Magic:  3/3        EV:  7    Int:  5    God:
Gold:   128        SH:  4    Dex: 12    Spells: 3/3 levels left

rFire   + . .        a - +0 war axe
rCold   + . .        c - +0 buckler
rNeg    . . .        h - +0 chain mail
rPois   +            (helmet restricted)
rElec   +            (no cloak)
rCorr   +            (no gloves)
SInv    .            (no boots)
Will    .....        (no amulet) Stlth
                     (no ring)
HPRegen 0.27/turn    (no ring)
MPRegen 0.08/turn

%: no passive effects
@: mighty, resistant
A: horns 2, retaliatory headbutt
a: no special abilities


You were on level 4 of the Dungeon.
You visited 1 branch of the dungeon, and saw 4 of its levels.

You collected 128 gold pieces.

Inventory:

Hand Weapons
 a - a +0 war axe (weapon)
Armour
 c - a +0 buckler (worn)
 h - a +0 chain mail (worn)
Scrolls
 e - 2 scrolls of amnesia
 g - a scroll of identify
Potions
 b - 2 potions of invisibility
 d - a potion of might
 j - a potion of flight


   Skills:
 + Level 5.1 Fighting
 - Level 2.4 Axes
 + Level 5.1 Armour
 - Level 3.6 Shields


You had 3 spell levels left.
You didn't know any spells.
Your spell library was empty.

Dungeon Overview and Level Annotations

Branches:
Dungeon (4/15)
 Temple: D:4-7

Altars:
Qazlal

Annotations:
D:4 Pikel, Sigmund


Innate Abilities, Weirdness & Mutations

You have a pair of horns on your head.
You reflexively headbutt those who attack you in melee.


Message History

You climb downwards.
The goblin shouts!
The orc shouts!
Found a robe and 11 gold pieces.
Found a stone staircase leading down.
There is a stone staircase leading up here.
Sigmund the Dreaded comes into view.
He is wielding a +0 scythe.
Your surroundings suddenly seem different.
Pikel and 4 lemures come into view.
Pikel is wielding a +2 whip of freezing.
Found 6 gold pieces and a scroll of identify.
The lemure shouts! x4; You hear a shout!
A scorpion comes into view.
Pikel hits you with a +2 whip of freezing!
Pikel freezes you.
Sigmund moves out of view.
You closely miss the lemure. You slash Pikel! You block the lemure's attack.
Pikel hits you but does no damage.
You closely miss Pikel. Your headbutt misses Pikel.
Pikel is moderately wounded.
You barely miss the lemure. You slash the lemure! You barely miss the lemure.
A scorpion comes into view.
The lemure hits you.
Pikel hits you with a +2 whip of freezing!
Pikel freezes you. You block the lemure's attack. The lemure hits you!
* * * LOW HITPOINT WARNING * * *
You feel better. You block the lemure's attack. The lemure hits you.
Pikel closely misses you. The lemure hits you but does no damage.
You feel better. You block the lemure's attack. The lemure hits you.
You block the lemure's attack.
Pikel hits you with a +2 whip of freezing!
Pikel freezes you.
* * * LOW HITPOINT WARNING * * *
You feel protected. The lemure hits you.
* * * LOW HITPOINT WARNING * * *
The lemure hits you but does no damage. Pikel hits you but does no damage.
You block the lemure's attack. The scorpion barely misses you.
You feel very mighty all of a sudden. The lemure hits you.
* * * LOW HITPOINT WARNING * * *
Pikel hits you with a +2 whip of freezing!
You die...

##.....?#
.......#
#......#
#......##
#....$..
###...s5.
......5K#
#...5@#
......5s#
##.####.#
#.# #.#
#.# #.#
...


You could see Pikel, 4 lemures and 2 scorpions.

Vanquished Creatures
  An adder (D:2)
  A worm (D:2)
  A dart slug (D:1)
  6 orcs (D:3)
  An endoplasm (D:3)
  3 giant cockroaches
  3 goblins (D:1)
  5 hobgoblins
  8 jackals
  3 quokkas
  8 ball pythons
  8 bats
  A frilled lizard (D:3)
  8 kobolds
  2 rats (D:2)
59 creatures vanquished.

Notes
Turn   | Place    | Note
-------+----------+-------------------------------------------
     0 | D:1      | lonewolfV2 the Minotaur Fighter began the quest for the
                  | Orb.
     0 | D:1      | Reached XP level 1. HP: 19/19 MP: 0/0
   206 | D:1      | Reached XP level 2. HP: 27/27 MP: 1/1
   742 | D:2      | Reached XP level 3. HP: 31/34 MP: 2/2
  1646 | D:3      | Reached XP level 4. HP: 41/41 MP: 3/3
  1654 | D:3      | Reached skill level 5 in Fighting
  1654 | D:3      | Reached skill level 5 in Armour
  1875 | D:3      | Found a stormy altar of Qazlal.
  2027 | D:4      | Noticed Sigmund
  2027 | D:4      | Noticed Pikel
  2027 | D:4      | Noticed a lemure
  2027 | D:4      | Noticed a lemure
  2027 | D:4      | Noticed a lemure
  2027 | D:4      | Noticed a lemure
  2027 | D:4      | Noticed a scorpion
  2029 | D:4      | Noticed a scorpion
  2033 | D:4      | Slain by Pikel

Illustrated notes

Levels and vault maps discovered:
D:1:      beargit_arrival_diablo_church, layout_basic
D:2:      layout_loops_corners
D:3:      layout_rooms, mainiacjoe_overflow_cross_hatched
D:4:      layout_rooms, chequers_temple_overflow_statue_of_worship,
          nicolae_elevator_lobby_plus, uniq_eustachio, uniq_pikel, uniq_sigmund,
          uniq_robin

Skill      XL: |  1  2  3  4 |
---------------+-------------+-----
Fighting       | 4 5 |  5.1
Armour         | 4 5 |  5.1
Axes           | |  2.4
Shields        | |  3.6

Action                     |  1- 3 |  4- 6 || total
---------------------------+-------+-------++-------
  Melee: War axe           |    76 |    24 ||   100
         Headbutt          |     9 |     3 ||    12
    Use: Scroll            |     7 |     2 ||     9
         Potion            |       |     4 ||     4
 Armour: Scale mail        |    31 |       ||    31
         Chain mail        |    25 |    24 ||    49
  Dodge: Dodged            |    46 |    11 ||    57
  Block: Buckler           |    24 |    10 ||    34
